 Dungeon Crawl Stone Soup version 0.29.0 (webtiles) character file.

Game seed: 5265658779357592669

8 Dorkslayer the Trooper (level 2, 0/27 HPs)
             Began as a Hill Orc Fighter on Aug 31, 2022.
             Succumbed to a kobold's poison
             ... on level 1 of the Dungeon.
             The game lasted 00:00:31 (332 turns).

Dorkslayer the Trooper (Hill Orc Fighter)            Turns: 332, Time: 00:00:32

Health: 0/27       AC:  6    Str: 18    XL:     2   Next: 8%
Magic:  2/2        EV:  9    Int:  8    God:
Gold:   14         SH:  4    Dex: 10    Spells: 1/1 levels left

rFire   . . .      SeeInvis .   a - +0 war axe
rCold   . . .      Faith    .   c - +0 buckler
rNeg    . . .      Spirit   .   b - +0 scale mail
rPois   .          Reflect  .   (no helmet)
rElec   .          Harm     .   (no cloak)
rCorr   .          Rampage  .   (no gloves)
Will    .....                   (no boots)
Stlth   ..........              (no amulet)
HPRegen 0.09/turn               (no ring)
MPRegen 0.08/turn               (no ring)

@: lethally poisoned (0 -> -4)
A: no striking features
a: no special abilities


You were on level 1 of the Dungeon.
You visited 1 branch of the dungeon, and saw 1 of its levels.

You collected 14 gold pieces.

Inventory:

Hand Weapons
 a - a +0 war axe (weapon)
Armour
 b - a +0 scale mail (worn)
 c - a +0 buckler (worn)
Scrolls
 e - 2 scrolls of noise {unknown}
 f - a scroll of poison {unknown}
Potions
 d - a potion of might


   Skills:
 * Level 4.0 Fighting
 + Level 2.7 Axes
 + Level 3.4 Armour
 * Level 0.2 Dodging
 + Level 3.3 Shields


You had one spell level left.
You didn't know any spells.
Your spell library was empty.

Dungeon Overview and Level Annotations

Branches:
Dungeon (1/15)

Altars:


Message History

The kobold shouts!
Found a club.
The kobold barely misses you.
The kobold hits you with a +0 dagger of venom.
You are poisoned.
You closely miss the kobold.
You feel very sick. The kobold closely misses you.
You barely miss the kobold.
You feel very sick. The kobold hits you but does no damage.
You are more poisoned.
The kobold hits you but does no damage.
You barely miss the kobold.
You feel very sick. You block the kobold's attack.
You closely miss the kobold.
You feel very sick. You block the kobold's attack.
You hit the kobold but do no damage.
You feel sick. The kobold closely misses you. x2
You closely miss the kobold.
You feel sick. The kobold misses you.
You closely miss the kobold.
You feel sick. The kobold barely misses you.
The kobold hits you but does no damage.
You barely miss the kobold.
You feel sick. The kobold hits you but does no damage.
You are lethally poisoned!
You slash the kobold!
You kill the kobold!
* * * LOW HITPOINT WARNING * * *
You feel very sick.
Your Fighting skill increases to level 4!
* * * LOW HITPOINT WARNING * * *
You feel sick.
Things that are here:
a +0 dagger of venom; a kobold corpse
Okay, then.
* * * LOW HITPOINT WARNING * * *
You feel sick.
You die...

##...##
#...#..
#...##
###....
##...#
#.'....
#...##
###....
##...# #....
#...## #....
#...# #....
#...#####
#....
##.@..#.##
#....
#..).#..#
#....
#....#..##
#####
#....#...# #
#....#...##
#
#....##...#
#
#....##...#
#
#....##...##
# ##...### #


There were no monsters in sight!

Vanquished Creatures
  A dart slug (D:1)
  2 ball pythons (D:1)
  A hobgoblin (D:1)
  A kobold (D:1)
  A frilled lizard (D:1)
6 creatures vanquished.

Vanquished Creatures (others)
  2 fungi (D:1)
2 creatures vanquished.

Grand Total: 8 creatures vanquished

Notes
Turn   | Place    | Note
-------+----------+-------------------------------------------
     0 | D:1      | Dorkslayer the Hill Orc Fighter began the quest for the
                  | Orb.
     0 | D:1      | Reached XP level 1. HP: 19/19 MP: 1/1
   301 | D:1      | Reached XP level 2. HP: 27/27 MP: 2/2
   330 | D:1      | Reached skill level 4 in Fighting
   331 | D:1      | HP: 1/27 [poisoned by a kobold]
   332 | D:1      | Succumbed to a kobold's poison

Illustrated notes

Levels and vault maps discovered:
D:1:      dpeg_cavernosity, layout_basic, serial_curves, eino_curves_02,
          eino_curves_03, eino_curves_04, eino_curves_01

Skill      XL: |  1  2 |
---------------+-------+-----
Fighting       | 4 |  4.0
Axes           | |  2.7
Armour         | |  3.4
Dodging        | |  0.2
Shields        | |  3.3

Action                   || total
-------------------------++-------
Melee: War axe           ||    16
Armor: Scale mail        ||     8
Dodge: Dodged            ||     7
Block: Buckler           ||     3
